 Dungeon Crawl Stone Soup version 0.27-a0-1105-g946c659c87 (webtiles) character file.

Game seed: 7481211555632740039

37 spiderkeys the Grasshopper (level 3, 0/27 HPs)
             Began as a Human Warper on Apr 30, 2021.
             Was a Follower of Dithmenos.
             Succumbed to an adder's poison
             ... on level 2 of the Dungeon.
             The game lasted 00:03:54 (1688 turns).

spiderkeys the Grasshopper (Human Warper)           Turns: 1688, Time: 00:03:55

Health: 0/27       AC:  3    Str: 12    XL:     3   Next: 62%
Magic:  6/6        EV: 11    Int: 13    God:    Dithmenos [*.....]
Gold:   39         SH:  0    Dex: 12    Spells: 1/6 levels left

rFire    . . .     SeeInvis .   k - +0 dagger
rCold    . . .     Faith    .   (no shield)
rNeg     . . .     Spirit   .   b - +0 leather armour
rPois    .         Reflect  .   (no helmet)
rElec    .         Harm     .   (no cloak)
rCorr    .         Rampage  .   (no gloves)
Will     .....                  (no boots)
Stlth    +.........             (no amulet)
HPRegen  0.09/turn              (no ring)
MPRegen  0.10/turn              (no ring)

@: brilliant, lethally poisoned (0 -> -3), wreathed by umbra
A: no striking features
a: Renounce Religion


You were on level 2 of the Dungeon.
You worshipped Dithmenos.
Dithmenos was aware of your devotion.
You visited 1 branch of the dungeon, and saw 2 of its levels.

You collected 39 gold pieces.


   Skills:
 + Level 2.2 Fighting
 * Level 0.1(1.5) Short Blades
 - Level 2.7 Long Blades
 - Level 1.4 Throwing
 - Level 1.0 Armour
 + Level 2.1 Dodging
 + Level 0.0 Stealth
 - Level 2.1 Spellcasting
 + Level 3.2 Translocations


You had one spell level left.
You knew the following spells:

 Your Spells              Type           Power      Damage    Failure   Level
c - Confusing Touch       Hex            2%         N/A       67%         3
B - Blink                 Tloc           N/A        N/A       13%         2

Your spell library contained the following spells:

 Spells                   Type           Power      Damage    Failure   Level
 Gell's Gravitas          Tloc           7%         N/A       26%         3
 Lesser Beckoning         Tloc           7%         N/A       26%         3
 Teleport Other           Tloc           14%        N/A       26%         3
 Manifold Assault         Tloc           14%        N/A       93%         5
 Petrify                  Tmut/Erth      2%         N/A       97%         4
 Metabolic Englaciation   Hex/Ice        1%         N/A       100%        5
 Yara's Violent Unravell  Hex/Tmut       1%         3d3       100%        5

Inventory:

Hand Weapons
 a - a +1 falchion
 k - a +0 dagger (weapon)
   (You took it off a goblin on level 1 of the Dungeon)
Missiles
 c - 4 curare-tipped darts {=f}
 e - 5 boomerangs of dispersal (quivered) {=f!f}
 g - 4 boomerangs
 j - 26 arrows
Armour
 b - a +0 leather armour (worn)
Scrolls
 d - a scroll of blinking {!r}
 h - a scroll of teleportation {@r4}
 i - a scroll of enchant weapon

Dungeon Overview and Level Annotations

Branches:
Dungeon (2/15)

Altars:
Dithmenos

#### ..# ..+ ..# #$#
+.# #.# #b# #@# #S#
##### ####'#......
############...........
#................#.....
#................# ....
#................# ...
#................# ..
#.........<.....## .


You could see an adder and a bat.


Message History

😎 HP[+1]
Your hp is fully restored (27).
You hit the giant cockroach. The giant cockroach bites you. 😕 HP[-1]
You take 1 damage, and now have 26/27 hp.
You barely miss the giant cockroach.
The giant cockroach bites you but does no damage. x2
You closely miss the giant cockroach.
The giant cockroach bites you but does no damage.
You completely miss the giant cockroach.
The giant cockroach bites you but does no damage.
You hit the giant cockroach but do no damage.
The giant cockroach bites you but does no damage. 😎 HP[+1]
Your hp is fully restored (27).
You hit the giant cockroach. The giant cockroach closely misses you.
You hit the giant cockroach.
You kill the giant cockroach!
Dithmenos accepts your kill. As you open the door, it creaks loudly!
You hear an angry hiss.
An adder comes into view.
The adder hisses angrily.
The adder moves out of view.
There is an open door here.
A bat comes into view.
The bat closely misses you. The bat hits you but does no damage.
You hit the bat. The bat hits you but does no damage. The adder bites you.
You are poisoned.
The adder poisons you! 😕 HP[-2]
You take 2 damage, and now have 25/27 hp.
You hit the bat but do no damage.
You feel sick. The bat hits you but does no damage.
The adder bites you but does no damage. The adder barely misses you. 😕 HP[-1]
You take 1 damage, and now have 24/27 hp.
You completely miss the adder.
You feel sick. The bat closely misses you.
The adder closely misses you. 😕 HP[-1]
You take 1 damage, and now have 23/27 hp.
You miss the adder.
You feel sick. The bat hits you but does no damage.
The adder barely misses you.
You miss the adder.
You feel sick.
You are no longer poisoned.
The bat hits you. The adder barely misses you. 😕 HP[-2]
You take 2 damage, and now have 21/27 hp.
You hit the adder. The bat misses you. The adder closely misses you.
You hit the adder. The bat barely misses you. The adder bites you.
You are poisoned.
The adder poisons you! The bat closely misses you.
The adder bites you. 😮 HP[-5]
You take 5 damage, and now have 16/27 hp.
You are too injured to fight recklessly!
You are too injured to fight recklessly!
You are too injured to fight recklessly!
Unknown command.
You hit the adder.
You feel sick. The bat hits you but does no damage.
The adder barely misses you. 😮 HP[-1]
You take 1 damage, and now have 15/27 hp.
You closely miss the adder.
You feel sick. The bat hits you but does no damage. The adder bites you.
* * * LOW HITPOINT WARNING * * *
😨 HP[-2]
You take 2 damage, and now have 13/27 hp.
You hit the adder.
You feel sick. The bat hits you.
* * * LOW HITPOINT WARNING * * *
The bat barely misses you. The adder bites you.
* * * LOW HITPOINT WARNING * * *
😨 HP[-3]
You take 3 damage, and now have 10/27 hp.
You barely miss the adder.
You feel sick.
You are no longer poisoned.
The bat hits you.
* * * LOW HITPOINT WARNING * * *
The adder bites you.
* * * LOW HITPOINT WARNING * * *
The adder barely misses you. 😱 HP[-4]
You take 4 damage, and now have 6/27 hp.
You miss the adder. The bat hits you but does no damage.
The adder completely misses you.
You hit the adder but do no damage. The bat hits you but does no damage.
The adder bites you.
* * * LOW HITPOINT WARNING * * *
You are lethally poisoned!
The adder poisons you! 😱 HP[-3]
You take 3 damage, and now have 3/27 hp.
It was a potion of brilliance.
You feel clever all of a sudden.
* * * LOW HITPOINT WARNING * * *
You feel sick. The bat barely misses you. The adder bites you.
* * * LOW HITPOINT WARNING * * *
😱 HP[-2]
You take 2 damage, and now have 1/27 hp.
You miss the adder.
You die...

Action                   || total
-------------------------++-------
Melee: Falchion          ||    80
       Dagger            ||    30
  Use: Scroll            ||     3
       Potion            ||     1
 Stab: Sleeping          ||     1
Armor: Leather armour    ||    49
Dodge: Dodged            ||    87
       Rpst.: Falchion   ||    22

Levels and vault maps discovered:
D:1:      dpeg_arrival_concentric_ovals, layout_loops_ring,
          hellmonk_ecumenical_altar_arch_garden
D:2:      layout_basic, minmay_worlds_worst_comb

Notes
Turn   | Place    | Note
-------+----------+-------------------------------------------
     0 | D:1      | spiderkeys the Human Warper began the quest for the Orb.
     0 | D:1      | Reached XP level 1. HP: 16/16 MP: 3/3
     0 | D:1      | magus.rc [v1.9.10]
   520 | D:1      | Reached XP level 2. HP: 22/22 MP: 5/5
   833 | D:1      | Reached XP level 3. HP: 27/27 MP: 6/6
  1202 | D:1      | Found a faded altar of an unknown god.
  1287 | D:1      | You pick up a book of Misfortune and begin reading...
  1287 | D:1      | You add the spells Confusing Touch, Petrify, Metabolic
                  | Englaciation and Yara's Violent Unravelling to your
                  | library.
  1474 | D:1      | Became a worshipper of Dithmenos the Shadowed
  1474 | D:1      | Reached * piety under Dithmenos
  1479 | D:1      | Learned a level 3 spell: Confusing Touch
  1482 | D:1      | Learned a level 2 spell: Blink
  1684 | D:2      | HP: 6/27 [adder (2)]
  1687 | D:2      | HP: 2/27 [poisoned by an adder]
  1688 | D:2      | Succumbed to an adder's poison

Vanquished Creatures
  3 ball pythons (D:1)
  2 endoplasms (D:1)
  3 giant cockroaches
  A goblin (D:1)
  3 hobgoblins (D:1)
  11 jackals (D:1)
  4 bats (D:1)
  4 rats (D:1)
31 creatures vanquished.

Table legend:
 A = Non-vault XP
 B = Vault XP
 C = Vault XP percentage of total XP
 D = Non-vault monster count
 E = Vault monster count
 F = Vault count percentage of total count
                 A         B        C        D         E       F
            +---------+---------+-------+---------+---------+-------
      Total |      50 |       4 |   7.4 |      29 |       2 |   6.5
            +---------+---------+-------+---------+---------+-------
        D:1 |      50 |       0 |   0.0 |      29 |       0 |   0.0
        D:2 |       0 |       4 | 100.0 |       0 |       2 | 100.0
            +---------+---------+-------+---------+---------+-------

Illustrated notes

Table legend:
 A = Kills in this place as a percentage of kills in entire the game.
 B = Kills by you in this place as a percentage of kills by you in the entire game.
 C = Kills by friends in this place as a percentage of kills by friends in the entire game.
 D = Other kills in this place as a percentage of other kills in the entire game.
 E = Experience gained in this place as a percentage of experience gained in the entire game.
 F = Experience gained in this place divided by the number of levels of this place that you have seen.
                   A       B       C       D       E      F
               +-------+-------+-------+-------+-------+----------------------
         Total | 100.0 | 100.0 |   N/A |   N/A | 100.0 |  27.0
       Dungeon | 100.0 | 100.0 |   N/A |   N/A | 100.0 |  27.0
               +-------+-------+-------+-------+-------+----------------------

Table legend: (Time is in decaauts)
 A = Elapsed time spent in this place.
 B = Non-inter-level travel time spent in this place.
 C = Inter-level travel time spent in this place.
 D = Time resting spent in this place.
 E = Time spent auto-exploring this place.
 F = Levels seen in this place.
 G = Mean time per level.
                   A        B        C        D        E       F      G
               +--------+--------+--------+--------+--------+-----+--------+
         Total |   1700 |   1564 |    136 |      0 |   1336 |   2 |  850.0 |
       Dungeon |   1700 |   1564 |    136 |      0 |   1336 |   2 |  850.0 |
               +--------+--------+--------+--------+--------+-----+--------+

Top non-repeatable levels by time:
     D:1: 1618 daAuts
     D:2: 81 daAuts
